 Dungeon Crawl Stone Soup version 0.17-a0-1450-g7e755d1 (webtiles) character file.

12086 pulse the Cleaver (level 12, -2/92 HPs)
             Began as a Formicid Berserker on June 30, 2015.
             Was a High Priest of Trog.
             Slain by a purple ugly thing (10 damage)
             ... on level 11 of the Dungeon.
             The game lasted 00:30:22 (13806 turns).

pulse the Cleaver (Formicid Berserker)             Turns: 13806, Time: 00:30:22

Health: -2/92      AC: 18    Str: 30    XL:     12   Next: 15%
Magic:  4/4        EV:  8    Int:  7    God:    Trog [*****.]
Gold:   676        SH:  0    Dex: 10    Spells: 0 memorised, 11 levels left

rFire  . . .     SeeInvis +     s - +2 battleaxe (antimagic)
rCold  + + .     Clarity  .     j - +1 plate armour
rNeg   . . .     SustAt   .     (no shield)
rPois  +         Gourm    .     (helmet unavailable)
rElec  +         Spirit   .     f - +0 cloak
rCorr  +         Warding  .     (no gloves)
rMut   .         Stasis   +     u - +0 pair of boots
MR     +++..                    m - amulet of faith
Stlth  ..........               r - +3 ring of strength
                                A - ring of ice

@: lethally poisoned (-2 -> -3), resistant, regenerating, extremely resistant to
hostile enchantments, extremely unstealthy
A: permanent stasis, dig shafts and tunnels, four strong arms, antennae 3
a: Dig, Shaft Self, Burn Spellbooks, Trog's Hand, Brothers in Arms, Renounce
Religion


You were on level 11 of the Dungeon.
You worshipped Trog.
Trog was extremely pleased with you.
You were not hungry.

You visited 1 branch of the dungeon, and saw 12 of its levels.

You collected 676 gold pieces.

Inventory:

Hand weapons
 g - a +0 mace
 s - a +2 antimagic battleaxe (weapon)
Armour
 f - a +0 cloak (worn)
 j - a +1 plate armour (worn)
 u - a +0 pair of boots (worn)
 C - a +0 shield
Jewellery
 i - an uncursed ring of protection from cold
 k - an uncursed amulet of guardian spirit
 m - an amulet of faith (around neck)
 q - an uncursed ring of protection from fire
 r - a +3 ring of strength (right hand)
 y - an uncursed amulet of regeneration {unknown}
 z - an uncursed ring of poison resistance
 A - a ring of ice (left hand)
 E - an uncursed amulet of warding {unknown}
Magical devices
 e - a wand of confusion (22)
 o - a wand of lightning (11)
 v - a wand of heal wounds (0)
 B - a wand of enslavement (0)
Scrolls
 b - 3 scrolls of remove curse
 h - a scroll of blinking
 n - a scroll of recharging
 p - a scroll of fog
 t - 2 scrolls of enchant weapon
 F - 2 scrolls of identify
Potions
 l - a potion of cancellation
 x - a potion of flight
Miscellaneous
 w - a lamp of fire
Comestibles
 c - 11 bread rations
 d - 10 fruits
 D - 4 beef jerkies


   Skills:
 + Level 7.7 Fighting
 * Level 14.8 Axes
 + Level 9.4 Armour
 - Level 1.8 Dodging
 - Level 1.3 Shields


You had 11 spell levels left.
You didn't know any spells.

Dungeon Overview and Level Annotations

Branches:
Dungeon (12/15)            Temple (0/1) D:6            Lair (0/8) D:8
    Orc (0/4) D:11

Altars:
Ashenzari
Cheibriados
Okawaru
Qazlal
Trog
Vehumet
Xom


Innate Abilities, Weirdness & Mutations

You are under a permanent stasis effect.
You can dig through walls and to a lower floor.
Your four strong arms can wield two-handed weapons with a shield.
You have a pair of large antennae on your head (SInv).


Message History

Okay, then.
You are too injured to fight recklessly!
You are too injured to fight recklessly!
You are too injured to fight recklessly!
You slash the killer bee!
The killer bee is almost dead.
You barely miss the killer bee.
The killer bee is heavily wounded.
You barely miss the purple ugly thing.
You feel sick. The killer bee barely misses you. x2
The killer bee stings you but does no damage. x2
You miss the killer bee.
The killer bee is almost dead.
You hit the killer bee but do no damage.
The killer bee is heavily wounded.
You closely miss the purple ugly thing.
You feel sick. The killer bee closely misses you.
The killer bee stings you but does no damage.
The purple ugly thing stings you!
You die...

##.......♣♣≈≈≈..≈≈≈≈≈PP♣
#.........♣P≈≈..≈≈≈≈≈P≈♣
#.#.#.#...♣♣≈≈...≈≈≈≈≈≈.
#..........≈P≈..≈≈≈≈≈≈##
#.#.#.#.....≈...P≈≈≈≈♣##
#$.........l#...≈≈≈P≈♣..
..#.#.#W§.......≈≈P≈♣♣..
.....oyy#{......♣≈P≈≈...
.####o#@#{......♣≈≈≈P...
#{#u#{......#≈≈♣....
oyo.......##♣.....
...o.......# #.....
.........#### #.....
........#.# ......
.........# .....).
#.........#


You could see a purple ugly thing, a hungry ghost, 3 killer bees, an orc wizard
and 2 orcs.

Vanquished Creatures
  Erica (D:9)
  2 unseen horrors (D:10)
  An ugly thing (D:11)
  3 hill giants (D:10)
  A cyclops (D:9)
  A gargoyle (D:10)
  A komodo dragon (D:11)
  A two-headed ogre (D:8)
  Grinder (D:5)
  Sigmund (D:5)
  A hungry ghost (D:8)
  2 hippogriffs
  A warg (D:11)
  A soldier ant (D:10)
  3 orc warriors
  8 ogres
  A black bear (D:9)
  4 phantoms
  9 sky beasts
  2 necrophages
  2 crocodiles (D:8)
  A big kobold (D:7)
  6 centaurs
  Blork the orc (D:4)
  9 giant frogs
  A wyvern zombie (D:9)
  5 scorpions
  6 killer bees
  5 wights (D:10)
  A quasit (D:3)
  8 hounds
  A giant frog zombie (D:7)
  4 crimson imps
  A gnoll shaman (D:5)
  A centaur skeleton (D:4)
  9 worker ants
  Natasha (twice) (D:4)
  5 iguanas
  5 orc priests
  14 orc wizards
  A hound skeleton (D:9)
  A river rat (D:8)
  2 worker ant zombies
  16 adders
  9 gnolls
  4 shadow imps
  An ooze (D:6)
  2 worms
  3 adder skeletons
  3 giant geckos
  40 orcs
  A ball python (D:4)
  18 bats
  A bat skeleton (D:7)
  3 bat zombies
  7 giant cockroaches
  8 goblins
  16 hobgoblins
  16 jackals
  3 quokkas
  7 giant newts
  A jackal skeleton (D:7)
  21 kobolds
  24 rats
  3 fungi (D:8)
  2 plants (D:8)
345 creatures vanquished.

Vanquished Creatures (others)
  An orc wizard (D:4)
  2 fungi (D:8)
  2 plants (D:8)
5 creatures vanquished.

Grand Total: 350 creatures vanquished

Notes
Turn   | Place    | Note
--------------------------------------------------------------
     0 | D:1      | pulse the Formicid Berserker began the quest for the Orb.
     0 | D:1      | Reached XP level 1. HP: 18/18 MP: 1/1
   359 | D:1      | Reached XP level 2. HP: 17/24 MP: 2/2
  1242 | D:1      | Reached XP level 3. HP: 29/29 MP: 3/3
  1384 | D:2      | Reached skill level 4 in Axes
  1459 | D:2      | Acquired Trog's second power
  1712 | D:2      | Reached XP level 4. HP: 35/35 MP: 4/4
  2015 | D:3      | Reached skill level 5 in Axes
  2081 | D:3      | Reached XP level 5. HP: 32/41 MP: 5/5
  2500 | D:3      | Found an iron altar of Okawaru.
  2800 | D:4      | Noticed Natasha
  2828 | D:4      | Killed Natasha
  2834 | D:4      | Reached skill level 6 in Axes
  2834 | D:4      | Reached XP level 6. HP: 29/47 MP: 6/6
  3387 | D:4      | Noticed Natasha
  3399 | D:4      | Killed Natasha
  3412 | D:4      | Noticed a phantom
  3437 | D:4      | Killed a phantom
  3437 | D:4      | Reached XP level 7. HP: 43/52 MP: 7/7
  3522 | D:4      | Noticed Blork the orc
  3528 | D:4      | Reached skill level 7 in Axes
  3543 | D:4      | Killed Blork the orc
  4180 | D:4      | Reached skill level 8 in Axes
  4180 | D:4      | Reached XP level 8. HP: 54/58 MP: 8/8
  4357 | D:5      | Entered Level 5 of the Dungeon
  4734 | D:5      | Reached skill level 5 in Armour
  4758 | D:5      | Found a stormy altar of Qazlal.
  4762 | D:5      | Found a snail-covered altar of Cheibriados.
  4765 | D:5      | Found a radiant altar of Vehumet.
  4768 | D:5      | Found a bloodstained altar of Trog.
  4771 | D:5      | Found a shimmering altar of Xom.
  4808 | D:5      | Noticed Sigmund
  4834 | D:5      | Killed Sigmund
  4834 | D:5      | Reached skill level 9 in Axes
  4888 | D:5      | Noticed Grinder
  4916 | D:5      | Killed Grinder
  4916 | D:5      | Reached XP level 9. HP: 25/64 MP: 2/9
  5341 | D:5      | Acquired Trog's third power
  5547 | D:6      | Reached skill level 10 in Axes
  5688 | D:6      | Found a staircase to the Ecumenical Temple.
  7188 | D:7      | Reached skill level 11 in Axes
  8193 | D:8      | Received a gift from Trog
  8198 | D:8      | Reached skill level 1 in Shields
  8198 | D:8      | Reached XP level 10. HP: 69/71 MP: 10/10
  8255 | D:8      | Found a staircase to the Lair.
  8573 | D:8      | Reached skill level 12 in Axes
  8914 | D:8      | Found a shattered altar of Ashenzari.
  9326 | D:8      | Reached skill level 5 in Fighting
  9448 | D:8      | Received a gift from Trog
 10233 | D:9      | Noticed Erica
 10238 | D:9      | Reached XP level 11. HP: 56/81 MP: 3/11
 10255 | D:9      | Killed Erica
 10255 | D:9      | Reached skill level 13 in Axes
 10259 | D:9      | Noticed a cyclops
 10261 | D:9      | HP: 1/81 [cyclops/large rock (37)]
 10658 | D:9      | Received a gift from Trog
 10767 | D:9      | Killed a cyclops
 11351 | D:10     | Entered Level 10 of the Dungeon
 11397 | D:10     | Noticed an unseen horror
 11418 | D:10     | Killed an unseen horror
 11640 | D:10     | Noticed a hill giant
 11646 | D:10     | Killed a hill giant
 11646 | D:10     | Reached skill level 14 in Axes
 11812 | D:10     | Noticed a hill giant
 11822 | D:10     | Killed a hill giant
 12044 | D:10     | Noticed a hill giant
 12057 | D:10     | Killed a hill giant
 12333 | D:10     | Noticed an unseen horror
 12340 | D:10     | Killed an unseen horror
 12675 | D:11     | Noticed a brown ugly thing
 12688 | D:11     | Killed a brown ugly thing
 12688 | D:11     | Reached XP level 12. HP: 32/91 MP: 4/12
 13046 | D:11     | Received a gift from Trog
 13717 | D:11     | Found a staircase to the Orcish Mines.
 13769 | D:11     | Noticed a purple ugly thing
 13806 | D:11     | Slain by a purple ugly thing

Vault maps used:
D:1:      dpeg_arrival_orchard
D:2:      first_bread
D:3:      lemuel_crystal_altar, kennysheep_decorative_pillar,
          serial_bayou_lagoon_a
D:4:      st_stairs_6, uniq_natasha, uniq_blork_the_orc
D:5:      minitemple, kennysheep_small_circle, uniq_sigmund, uniq_grinder
D:6:      minmay_temple_entry_from_below_b, minmay_strange_pillars
D:8:      cheibrodos_ashenzari_chains, due_lair_maze_entry_diamond
D:9:      forest_paths, grunt_ogre_cave, hangedman_decor_lopped, uniq_erica
D:11:     david_orc_3, portal_ice_cave_entry_pillars_01, serial_glass,
          glass_columns_a, glass_columns_b, feat_on_display,
          serial_bayou_ford_a, grunt_ministairs_15
D:12:     minmay_opposing_rooms, serial_shops, shop, minmay_stone_trees_medium,
          roderic_malta_cross

Action                   |  1- 3 |  4- 6 |  7- 9 | 10-12 || total
-------------------------+-------+-------+-------+-------++-------
Melee: Hand axe          |   126 |   140 |   158 |   135 ||   559
       War axe           |       |    36 |   306 |    13 ||   355
       Battleaxe         |       |       |       |   322 ||   322
Invok: Trog's Hand       |       |     1 |       |     2 ||     3
Evoke: Wand              |       |       |       |     1 ||     1
  Use: Scroll            |       |     8 |     2 |     4 ||    14
       Potion            |       |     4 |     5 |     6 ||    15
 Stab: Invisible         |       |       |     5 |       ||     5
  Eat: Chunk             |     2 |     6 |     7 |     5 ||    20
       Fruit             |       |     1 |     1 |       ||     2
       Meat ration       |       |       |     1 |     2 ||     3
       Pizza             |       |       |     1 |       ||     1
       Royal jelly       |       |       |       |     1 ||     1
       Beef jerky        |       |       |       |     2 ||     2
